 Dungeon Crawl Stone Soup version 0.19.5 (webtiles) character file.

393 lTl the Skirmisher (level 6, -7/76 HPs)
             Began as a Demonspawn Fighter on Mar 20, 2017.
             Mangled by Pikel
             ... wielding a +1 whip of electrocution
              (17 damage)
             ... on level 6 of the Dungeon.
             The game lasted 00:08:36 (3428 turns).

lTl the Skirmisher (Demonspawn Fighter)             Turns: 3428, Time: 00:08:37

Health: -7/76      AC: 23    Str: 17 (18) XL:     6   Next: 51%
Magic:  0/6        EV:  2    Int:  9 (10) God:
Gold:   206        SH:  9    Dex: 11 (12) Spells: 0 memorised, 5 levels left

rFire  . . .     SeeInvis .     a - +0 war axe
rCold  . . .     Gourm    .     (armour currently unavailable)
rNeg   + + +     Faith    .     c - +0 shield
rPois  +         Spirit   +     (helmet currently unavailable)
rElec  .         Reflect  .     (cloak currently unavailable)
rCorr  .         Harm     .     (gloves currently unavailable)
MR     .....     NoTele   +     (boots currently unavailable)
Stlth  +.........               i - amulet of guardian spirit
                                (no ring)
                                (no ring)

@: tree-form
A: (claws 0), rugged brown scales 2
a: no special abilities


You were on level 6 of the Dungeon.
You were near starving.
You were a tree.
You visited 1 branch of the dungeon, and saw 6 of its levels.
You also visited: Ossuary.

You collected 206 gold pieces.

Inventory:

Hand Weapons
 a - a +0 war axe (weapon)
Armour
 b - a +0 scale mail (melded)
 c - a +0 shield (worn)
Jewellery
 g - a +3 ring of protection {unknown}
 i - an amulet of guardian spirit (around neck)
 D - a +2 ring of evasion {unknown}
Scrolls
 d - a scroll of enchant weapon {unknown}
 l - a scroll of recharging {unknown}
 m - a scroll of random uselessness {unknown}
 n - 6 scrolls of identify {unknown}
 o - a scroll of magic mapping
 q - 2 scrolls of teleportation
 s - 2 scrolls of fog {unknown}
 v - 3 scrolls of amnesia {unknown}
 w - 2 scrolls of remove curse {unknown}
 x - a scroll of blinking {unknown}
 y - a scroll of fear {unknown}
 C - a scroll of enchant armour {unknown}
Potions
 e - a potion of heal wounds {unknown}
 k - 2 potions of lignification
 t - 2 potions of curing
 u - 3 potions of degeneration
 A - a potion of agility {unknown}
 B - a potion of flight {unknown}
Comestibles
 f - 3 bread rations
 h - 3 slices of pizza
 j - 2 meat rations
 p - a beef jerky


   Skills:
 + Level 4.4 Fighting
 + Level 3.3 Axes
 + Level 4.2 Armour
 + Level 4.1 Shields


You had 5 spell levels left.
You didn't know any spells.

Dungeon Overview and Level Annotations

Branches:
Dungeon (6/15)
 Temple: D:4-7

Altars:
Cheibriados
Dithmenos
Fedhas
Gozag
Okawaru
Ru

Annotations:
D:4 Shoikan's ghost, amateur MiBe
D:6 Dowan; Duvessa; Pikel


Innate Abilities, Weirdness & Mutations

((You have sharp fingernails.))
(You are mostly covered in rugged brown scales. (AC +2, +5% HP))


Message History

You block the black bear's attack.
The black bear claws you but does no damage.
The slave barely misses you.
Dowan mumbles some strange words.
Dowan blinks!
Pikel hits you but does no damage.
You are electrocuted!
* * * LOW HITPOINT WARNING * * *
The black bear bites you but does no damage.
The black bear claws you but does no damage. x2
The howler monkey hoots and howls with incredible vigour!
It was a potion of degeneration.
There was something very wrong with that liquid.
You feel weakened.
You feel dopey.
You feel clumsy. You block the slave's attack. You block Pikel's attack.
The black bear bites you but does no damage.
The black bear claws you but does no damage. x2
It was a potion of cure mutation.
It has a very clean taste.
You block the slave's attack.
The howler monkey hoots and howls with incredible vigour!
Pikel hits you but does no damage.
You are electrocuted!
You die...

.........#########
.................#
.................#
.....#.#.........#
####.#.#.........#
#........e#
#......epp#
#......hKh#
#......pp♣#
###########


You could see Pikel, Duvessa, a black bear, 4 slaves, Dowan and a howler monkey.

Vanquished Creatures
  An ogre (D:6)
  A worker ant (D:4)
  4 big kobold zombies (Ossuary)
  A mummy (Ossuary)
  2 adders (D:2)
  3 gnolls (D:2)
  A shadow imp (D:6)
  2 oozes (D:1)
  An adder skeleton (D:4)
  3 worms (D:2)
  4 dart slugs
  2 leopard geckos (D:3)
  2 spectral bats (Ossuary)
  4 bat simulacra (Ossuary)
  3 giant cockroaches
  7 gnoll zombies (Ossuary)
  4 goblins
  6 hobgoblins
  5 quokkas
  8 bats
  6 frilled lizards
  4 goblin simulacra (Ossuary)
  4 goblin zombies (Ossuary)
  3 hobgoblin zombies (Ossuary)
  8 kobolds
  A kobold simulacrum (Ossuary)
  7 kobold zombies (Ossuary)
  3 orc zombies (Ossuary)
  10 rats
  2 rat simulacra (Ossuary)
  3 spectral goblins (Ossuary)
  2 spectral kobolds (Ossuary)
  2 spectral rats (Ossuary)
119 creatures vanquished.

Vanquished Creatures (others)
  A big kobold zombie (Ossuary)
  2 bat simulacra (Ossuary)
  A goblin zombie (Ossuary)
  A kobold simulacrum (Ossuary)
5 creatures vanquished.

Grand Total: 124 creatures vanquished

Notes
Turn   | Place    | Note
-------+----------+-------------------------------------------
     0 | D:1      | lTl the Demonspawn Fighter began the quest for the Orb.
     0 | D:1      | Reached XP level 1. HP: 18/18 MP: 1/1
   138 | D:1      | Gained mutation: You are partially covered in rugged brown scales. (AC +1, +3% HP) [demonic ancestry]
   138 | D:1      | Reached XP level 2. HP: 17/24 MP: 0/2
   328 | D:1      | Reached XP level 3. HP: 25/29 MP: 1/3
  1329 | D:2      | Gained mutation: You have sharp fingernails. [demonic ancestry]
  1329 | D:2      | Reached XP level 4. HP: 26/37 MP: 4/4
  1538 | D:2      | Found an opulent altar of Gozag.
  1538 | D:2      | Found a snail-covered altar of Cheibriados.
  1878 | D:2      | Found a sacrificial altar of Ru.
  2106 | D:3      | Found a blossoming altar of Fedhas.
  2275 | D:3      | Found a shadowy altar of Dithmenos.
  2402 | D:4      | Reached XP level 5. HP: 26/43 MP: 5/5
  2466 | D:4      | Found an iron altar of Okawaru.
  2498 | D:4      | Found a sand-covered staircase.
  2502 | Ossuary  | Entered an ossuary
  2961 | Ossuary  | Gained mutation: You are mostly covered in rugged brown scales. (AC +2, +5% HP) [demonic ancestry]
  2961 | Ossuary  | Reached XP level 6. HP: 38/50 MP: 4/6
  3270 | D:4      | Noticed Shoikan's ghost (amateur MiBe)
  3273 | D:5      | Entered Level 5 of the Dungeon
  3277 | D:5      | Noticed a sky beast
  3283 | D:6      | Noticed Pikel
  3283 | D:6      | Noticed a slave
  3283 | D:6      | Noticed a slave
  3283 | D:6      | Noticed a slave
  3283 | D:6      | Noticed a slave
  3416 | D:6      | Noticed Dowan
  3418 | D:6      | Noticed Duvessa
  3428 | D:6      | Mangled by Pikel

Skill      XL: |  1  2  3  4  5  6 |
---------------+-------------------+-----
Axes           | 2 3 |  3.3
Shields        | 3 4 |  4.1
Armour         | 3 4 |  4.2
Fighting       | 4 |  4.4

Action                   |  1- 3 |  4- 6 || total
-------------------------+-------+-------++-------
Melee: War axe           |   134 |   262 ||   396
  Use: Scroll            |       |     2 ||     2
       Potion            |       |     6 ||     6
  Eat: Chunk             |     2 |     4 ||     6
       Beef jerky        |       |     1 ||     1
Armor: Scale mail        |    55 |    91 ||   146
       Skin              |       |    57 ||    57
Dodge: Dodged            |    43 |    76 ||   119
Block: Shield            |    68 |   153 ||   221
